 Dungeon Crawl Stone Soup version 0.28.0-43-g3370ac3207 (webtiles) character file.

Game seed: 7197618671324784562

7 zeratav the Sneak (level 1, 0/9 HPs)
             Began as a Spriggan Enchanter on Mar 31, 2022.
             Constricted to death by a ball python (1 damage)
             ... on level 1 of the Dungeon.
             The game lasted 00:01:47 (343 turns).

zeratav the Sneak (Spriggan Enchanter)               Turns: 343, Time: 00:01:47

Health: 0/9        AC:  2    Str:  4    XL:     1   Next: 83%
Magic:  5/5        EV: 14    Int: 16    God:
Gold:   5          SH:  0    Dex: 15    Spells: 5/5 levels left

rFire   . . .      SeeInvis +   a - +1 dagger
rCold   . . .      Faith    .   (no shield)
rNeg    . . .      Spirit   .   b - +0 robe
rPois   .          Reflect  .   (helmet restricted)
rElec   .          Harm     .   (no cloak)
rCorr   .          Rampage  .   (gloves unavailable)
Will    .....                   (boots unavailable)
Stlth   +++.......              (no amulet)
HPRegen 0.03/turn               (no ring)
MPRegen 0.09/turn               (no ring)

@: constricted, very quick
A: very small, no large weapons, unfitting armour, see invisible, speed 3
a: no special abilities


You were on level 1 of the Dungeon.
You visited 1 branch of the dungeon, and saw 1 of its levels.

You collected 5 gold pieces.

Inventory:

Hand Weapons
 a - a +1 dagger (weapon)
Missiles
 d - 37 stones (quivered)
Armour
 b - a +0 robe (worn)
Scrolls
 g - a scroll of magic mapping {unknown}
Potions
 c - a potion of invisibility
 e - a potion of lignification
 f - a potion of heal wounds {unknown}


   Skills:
 + Level 1.1 Short Blades
 + Level 2.7 Dodging
 + Level 4.5 Stealth
 + Level 2.7 Spellcasting
 + Level 3.9 Hexes
 * Level 0.3 Ice Magic


You had 5 spell levels left.
You didn't know any spells.
Your spell library contained the following spells:

 Spells                   Type           Power      Damage    Failure   Level
 Ensorcelled Hibernation  Hex/Ice        18%        N/A       12%         2
 Confusing Touch          Hex            14%        N/A       12%         3
 Tukima's Dance           Hex            14%        N/A       12%         3
 Dazzling Flash           Conj/Hex       16%        N/A       26%         3


Dungeon Overview and Level Annotations

Branches:
Dungeon (1/15)

Altars:


Innate Abilities, Weirdness & Mutations

You are very small and have problems with some larger weapons.
You are too small for most types of armour.
You have supernaturally acute eyesight. (SInv)
You cover ground extremely quickly. (Speed+++)


Message History

The ball python constricts you.
You barely miss the ball python.
The ball python is moderately wounded.
The bat misses you. The ball python bites you. The ball python constricts you.
You closely miss the ball python. The bat hits you.
The ball python barely misses you. The ball python constricts you.
You hit the ball python but do no damage.
The bat closely misses you. The ball python bites you.
The ball python constricts you.
You hit the ball python.
The ball python is heavily wounded.
The bat hits you but does no damage. The ball python misses you.
The ball python constricts you.
* * * LOW HITPOINT WARNING * * *
You escape the ball python's grasp.
Found 12 gold pieces.
The ball python closely misses you. The ball python grabs you.
The ball python constricts you.
You escape the ball python's grasp.
The bat hits you but does no damage.
Found a scroll of immolation.
Found a faded altar of an unknown god.
The bat misses you. The bat misses you. The bat hits you but does no damage.
The bat misses you. The bat misses you.
There is a faded altar of an unknown god here.
You see here a scroll of immolation.
h - a scroll of immolation The bat closely misses you.
The ball python barely misses you. The ball python grabs you.
The ball python constricts you.
Really read the scroll of immolation?
As you read the scroll of immolation, it crumbles to dust.
The creatures around you are filled with an inner flame!
The ball python barely misses you. The ball python constricts you.
* * * LOW HITPOINT WARNING * * *
The bat closely misses you.
The ball python's grasp on you weakens, but your attempt to escape fails.
The bat closely misses you. The ball python closely misses you.
The ball python bites you but does no damage.
The ball python constricts you.
You die...

# #.##..####
....
..#######.###)#
###.
..............#
. .....##...#..#
..#..#.###.#...#
...............#
#..#...#...?.#
#......#.#...#
.+.#..@.b..#..#
......#SS......#
............#..#
..#....#...$...#
. ##..#..#.#...#
#..#.........#
..............#
####.#######...#
#. #####


You could see a bat (inner flame) and 2 ball pythons.

Vanquished Creatures
  A dart slug (D:1)
  An endoplasm (D:1)
  A goblin (D:1)
  A bat (D:1)
  A rat (D:1)
5 creatures vanquished.

Notes
Turn   | Place    | Note
-------+----------+-------------------------------------------
     0 | D:1      | zeratav the Spriggan Enchanter began the quest for the Orb.
     0 | D:1      | Reached XP level 1. HP: 9/9 MP: 5/5
   327 | D:1      | Found a faded altar of an unknown god.
   343 | D:1      | Constricted to death by a ball python

Illustrated notes

Levels and vault maps discovered:
D:1:      heliophobic_arrival_dark_side_of_the_moon, layout_loops_ring,
          hellmonk_ecumenical_altar_blasted, serial_shops,
          nicolae_lakefront_shop, st_stairs_13, patterned_corridor

Action                   || total
-------------------------++-------
Melee: Dagger            ||    31
       Punch             ||     2
  Use: Scroll            ||     2
       Potion            ||     1
 Stab: Sleeping          ||     1
Armor: Robe              ||    10
Dodge: Dodged            ||    49
